 Dungeon Crawl Stone Soup version 0.24.1 (webtiles) character file.

Game seed: 7258433437336891768, levelgen mode: deterministic

75 Destapler the Charmwright (level 4, 0/33 HPs)
             Began as a Human Skald on Apr 5, 2020.
             Succumbed to an adder's poison
             ... on level 2 of the Dungeon.
             The game lasted 00:04:26 (1285 turns).

Destapler the Charmwright (Human Skald)             Turns: 1285, Time: 00:04:27

Health: 0/33       AC:  3    Str: 11    XL:     4   Next: 55%
Magic:  8/8        EV: 17    Int: 15    God:
Gold:   106        SH:  0    Dex: 17    Spells: 4/8 levels left

rFire    . . .     SeeInvis .   a - +0 spear
rCold    . . .     Gourm    .   (no shield)
rNeg     + . .     Faith    .   b - +0 leather armour
rPois    +         Spirit   .   (no helmet)
rElec    .         Reflect  .   (no cloak)
rCorr    .         Harm     .   (no gloves)
MR       .....                  (no boots)
Stlth    ++........             j - amulet of inaccuracy (curse)
HPRegen  0.11/turn              i - ring of positive energy
MPRegen  0.11/turn              f - ring of poison resistance

@: agile, lethally poisoned (0 -> -4), hasted, very quick
A: no striking features
a: no special abilities


You were on level 2 of the Dungeon.
You were hungry.

You visited 1 branch of the dungeon, and saw 2 of its levels.

You collected 106 gold pieces.

Inventory:

Hand Weapons
 a - a +0 spear (weapon)
Missiles
 k - a throwing net (quivered)
Armour
 b - a +0 leather armour (worn)
Jewellery
 f - a ring of poison resistance (right hand)
 i - a ring of positive energy (left hand)
 j - a cursed amulet of inaccuracy (around neck)
Scrolls
 e - a scroll of enchant weapon {unknown}
 g - 4 scrolls of teleportation {unknown}
Comestibles
 c - 5 chunks of flesh
 d - 3 rations


   Skills:
 - Level 2.0 Fighting
 + Level 3.0 Polearms
 - Level 1.0 Armour
 - Level 2.0 Dodging
 + Level 2.8 Spellcasting
 + Level 3.7 Charms


You had 4 spell levels left.
You knew the following spells:

 Your Spells              Type           Power        Failure   Level  Hunger
a - Infusion              Chrm           ##..         6%          1    #......
R - Regeneration          Chrm/Necr      #.........   36%         3    ###....

Your spell library contained the following spells:

 Spells                   Type           Power        Failure   Level  Hunger
 Song of Slaying          Chrm           ##......     9%          2    ##.....
 Shroud of Golubria       Chrm/Tloc      #.....       19%         2    ##.....
 Spectral Weapon          Hex/Chrm       #.......     36%         3    ###....


Dungeon Overview and Level Annotations

Branches:
Dungeon (2/15)

Altars:


Message History

* * * LOW HITPOINT WARNING * * *
You feel sick. The goblin hits you but does no damage.
You hit the goblin.
The goblin is severely wounded.
The goblin barely misses you.
You miss the goblin.
The goblin is severely wounded.
You hit the goblin.
You kill the goblin!
* * * LOW HITPOINT WARNING * * *
You feel sick. The kobold barely misses you.
Items here: )) ††† a +0 club x2; a goblin corpse; a hobgoblin corpse; a bat corpse You miss the kobold.
The kobold misses you.
You see here a gilded ring.
f - a ring of poison resistance (right hand)
You hit the kobold but do no damage.
You die...

#.........# #.........#
#####.÷.......#####
##..'.............#
##.##.........###.# .#.
#.........# #.#
...##.........# #.#
#.####....#######)########
..........+.....@K..>.....
#..##.....########........
....#.....# #..?.....
..........# #........
....).....# #........
..........# #........
###'#'##### #.......?
#...# #........ ##..#
#........


You could see a kobold.

Vanquished Creatures
  An adder (D:2)
  2 oozes
  4 leopard geckos
  8 bats
  6 giant cockroaches
  8 goblins
  5 hobgoblins
  2 frilled lizards (D:1)
  7 kobolds
  8 rats
51 creatures vanquished.

Notes
Turn   | Place    | Note
-------+----------+-------------------------------------------
     0 | D:1      | Destapler the Human Skald began the quest for the Orb.
     0 | D:1      | Reached XP level 1. HP: 16/16 MP: 3/3
    91 | D:1      | Reached XP level 2. HP: 2/22 MP: 5/5
   594 | D:1      | Reached XP level 3. HP: 27/27 MP: 6/6
   623 | D:1      | Learned a level 3 spell: Regeneration
  1066 | D:2      | Reached XP level 4. HP: 31/33 MP: 7/7
  1277 | D:2      | HP: 1/33 [poisoned by an adder]
  1285 | D:2      | Succumbed to an adder's poison

Levels and vault maps discovered:
D:1:      minmay_arrival_jagged, layout_loops_cross
D:2:      layout_basic

Skill      XL: |  1  2  3  4 |
---------------+-------------+-----
Polearms       | 3 |  3.0
Fighting       | |  2.0
Armour         | |  1.0
Dodging        | |  2.0
Spellcasting   | |  2.8
Charms         | |  3.7

Action                   |  1- 3 |  4- 6 || total
-------------------------+-------+-------++-------
Melee: Spear             |   154 |    95 ||   249
  Use: Potion            |       |     3 ||     3
 Stab: Sleeping          |     2 |     1 ||     3
  Eat: Chunk             |     1 |       ||     1
Armor: Leather armour    |    26 |    16 ||    42
Dodge: Dodged            |    85 |    66 ||   151
